 Dungeon Crawl Stone Soup version 0.18-a0-965-g9200175 (webtiles) character file.

322 root the Shield-Bearer (level 6, -1/49 HPs)
             Began as a Formicid Fighter on Jan 1, 2016.
             Was an Initiate of Pakellas.
             Killed by nerve-wracking pain
             ... invoked by Grinder
              (10 damage)
             ... on level 6 of the Dungeon.
             The game lasted 00:10:31 (2690 turns).

root the Shield-Bearer (Formicid Fighter)           Turns: 2690, Time: 00:10:31

Health: -1/49      AC:  7    Str: 23    XL:     6   Next: 76%
Magic:  6/7        EV:  8    Int:  7    God:    Pakellas [......]
Gold:   169        SH: 10    Dex: 10    Spells: 0 memorised, 5 levels left

rFire  . . .     SeeInvis +     a - +0 flail
rCold  . . .     Gourm    .     b - +0 scale mail
rNeg   . . .     Faith    .     c - +0 shield
rPois  .         Spirit   .     (helmet unavailable)
rElec  .         Dismiss  .     (no cloak)
rCorr  .         Reflect  .     (no gloves)
SustAt .         Harm     .     (no boots)
MR     .....                    (no amulet)
Stlth  ..........               (no ring)
                                (no ring)

@: very slightly contaminated, invisible (expiring), not resistant to hostile
enchantments, extremely unstealthy
A: permanent stasis, dig shafts and tunnels, four strong arms, antennae 3
a: Dig, Shaft Self, Renounce Religion


You were on level 6 of the Dungeon.
You worshipped Pakellas.
Pakellas was noncommittal.
You were not hungry.

You visited 2 branches of the dungeon, and saw 7 of its levels.

You collected 169 gold pieces.

Inventory:

Hand Weapons
 a - a +0 flail (weapon)
Armour
 b - a +0 scale mail (worn)
 c - a +0 shield (worn)
Jewellery
 e - an uncursed amulet of faith
 v - an uncursed ring of sustain attributes {unknown}
Wands
 s - a wand of teleportation (3/9)
 u - a wand of invisibility (3/9)
Scrolls
 g - 2 scrolls of recharging {unknown}
 h - 3 scrolls of remove curse {unknown}
 i - a scroll of enchant weapon {unknown}
 j - a scroll of identify {unknown}
 k - a scroll of magic mapping {unknown}
 l - a scroll of teleportation {unknown}
 n - a scroll of immolation {unknown}
 p - a scroll of summoning {unknown}
 r - a scroll of amnesia {unknown}
Potions
 d - a potion of might
 o - a potion of haste {unknown}
Comestibles
 f - a bread ration
 m - a beef jerky
 q - a meat ration


   Skills:
 + Level 4.5 Fighting
 + Level 3.3 Maces & Flails
 + Level 4.8 Armour
 + Level 5.2 Shields
 * Level 1.6 Evocations


You had 5 spell levels left.
You didn't know any spells.

Dungeon Overview and Level Annotations

Branches:
Dungeon (6/15)             Temple (1/1) D:5

Altars:
Ashenzari
Cheibriados
Elyvilon
Fedhas
Kikubaaqudgha
Nemelex Xobeh
Okawaru
Pakellas
Sif Muna
Trog
Vehumet
Xom
Yredelemnul
Zin
The Shining One

Annotations:
D:5 Eustachio
D:6 Grinder


Innate Abilities, Weirdness & Mutations

You are under a permanent stasis effect.
You can dig through walls and to a lower floor.
Your four strong arms can wield two-handed weapons with a shield.
You have a pair of large antennae on your head (SInv).


Message History

Pakellas accepts your kill. Grinder gestures at you.
Pain shoots through your body!
* * * LOW HITPOINT WARNING * * *
Drink which item? (? for menu, Esc to quit)
Okay, then.
Press: ? - help, v - describe, . - travel
Here: Grinder The floor.
Grinder says, "My boss said I was rubbish.
His entrails said otherwise."
You see here 29 stones.
Grinder gestures at you. You resist with some effort. Grinder gestures at you.
Pain shoots through your body!
* * * LOW HITPOINT WARNING * * *
You flicker for a moment.
Grinder gestures at you. Pain shoots through your body!
You die...

♣♣.......♣♣
♣♣.....♣♣
♣♣...♣♣
♣♣.5...♣♣
♣♣.......♣♣
♣...≈≈≈...♣
♣♣..≈≈≈≈≈..♣♣
♣...≈≈_≈≈...♣
#.
♣♣.@≈≈≈≈≈(.♣♣
#.
♣...≈≈≈...♣
#.##
♣♣.......♣♣
#..#
♣♣.....♣♣
##.## ♣♣...♣♣
....####
♣♣.....♣♣
......<# ###
♣♣.......♣
......## #.#
♣...≈≈≈...♣
..#########.#
#..≈≈≈≈≈..#


You could see Grinder.

Vanquished Creatures
  An ogre (D:6)
  A centaur (D:5)
  A giant frog (D:6)
  A worker ant (D:6)
  3 adders
  2 worms
  2 giant geckos (D:1)
  An orc (D:3)
  A ball python (D:1)
  A giant cockroach (D:1)
  4 goblins
  3 hobgoblins (D:1)
  5 jackals
  2 quokkas
  2 bats (D:1)
  4 giant newts
  4 kobolds (D:1)
  3 rats
41 creatures vanquished.

Notes
Turn   | Place    | Note
--------------------------------------------------------------
     0 | D:1      | root the Formicid Fighter began the quest for the Orb.
     0 | D:1      | Reached XP level 1. HP: 18/18 MP: 1/1
   244 | D:1      | Reached XP level 2. HP: 17/24 MP: 2/2
   720 | D:1      | Reached skill level 4 in Shields
   720 | D:1      | Reached XP level 3. HP: 29/29 MP: 3/3
  1211 | D:4      | Found a basalt altar of Yredelemnul.
  1225 | D:4      | Found a shattered altar of Ashenzari.
  1572 | D:4      | Noticed an ogre
  1598 | D:5      | Entered Level 5 of the Dungeon
  1602 | D:5      | Reached XP level 4. HP: 35/37 MP: 4/4
  1701 | D:5      | Noticed a centaur
  1714 | D:5      | Killed a centaur
  1714 | D:5      | Reached XP level 5. HP: 9/42 MP: 5/5
  2054 | D:5      | Found a staircase to the Ecumenical Temple.
  2063 | Temple   | Entered the Ecumenical Temple
  2100 | Temple   | Became a worshipper of Pakellas the Inventive
  2168 | D:5      | Noticed Eustachio
  2332 | D:6      | Found a white marble altar of Elyvilon.
  2541 | D:6      | Noticed a giant frog
  2551 | D:6      | Killed a giant frog
  2551 | D:6      | Reached skill level 5 in Shields
  2551 | D:6      | Reached skill level 1 in Evocations
  2551 | D:6      | Reached XP level 6. HP: 46/49 MP: 6/6
  2665 | D:6      | Noticed an ogre
  2670 | D:6      | Noticed Grinder
  2675 | D:6      | Killed an ogre
  2690 | D:6      | Killed from afar by Grinder

Vault maps used:
D:1:      dpeg_arrival_short_road
D:2:      overflow_temple_1_default, serial_forest, infiniplex_forest_diagonal,
          infiniplex_forest_clump_tiny, infiniplex_forest_lined_ring,
          infiniplex_forest_lined_room_2, infiniplex_forest_lined_room_2,
          infiniplex_forest_clump_cross, infiniplex_forest_lined_room_3,
          infiniplex_forest_clump_medium, first_bread, amalloy_card_club,
          uniq_iyjb
D:4:      marbit_many_paths, grunt_temple_overflow_open
D:5:      temple_fountains, uniq_eustachio
D:6:      elyvilon_altar_3, basic_altar, nicolae_water_bricks, uniq_grinder
Temple:   circular_temple_12

Action                   |  1- 3 |  4- 6 || total
-------------------------+-------+-------++-------
Melee: Flail             |   137 |    71 ||   208
Evoke: Wand              |       |     1 ||     1
 Stab: Invisible         |       |     3 ||     3
  Eat: Chunk             |     2 |     4 ||     6
